 Dungeon Crawl Stone Soup version 0.30.0-15-g856e2d3f33 (webtiles) character file.

Game seed: 2099880048157140487

52 pablito the Conjurer (level 3, -3/21 HPs)
             Began as a Tengu Reaver on May 18, 2023.
             Was an Initiate of Okawaru.
             Slain by a gnoll
             ... wielding a +0 flail
              (8 damage)
             ... on level 2 of the Dungeon.
             The game lasted 00:07:00 (1624 turns).

pablito the Conjurer (Tengu Reaver)                 Turns: 1624, Time: 00:07:01

Health: -3/21      AC:  3    Str: 12    XL:     3   Next: 85%
Magic:  7/7        EV: 12    Int: 13    God:    Okawaru [......]
Gold:   82         SH:  0    Dex: 14    Spells: 3/6 levels left

rFire   . . .        a - +0 falchion
rCold   . . .        (no shield)
rNeg    . . .        b - +0 leather armour
rPois   .            (helmet restricted)
rElec   .            (no cloak)
rCorr   .            (no gloves)
SInv    .            (boots unavailable)
Will    .....        (no amulet)
Stlth   +            (no ring)
HPRegen 0.23/turn    (no ring)
MPRegen 0.10/turn

%: no passive effects
@: no status effects
A: beak, talons 3
a: Renounce Religion


You were on level 2 of the Dungeon.
You worshipped Okawaru.
Okawaru was noncommittal.
You visited 1 branch of the dungeon, and saw 2 of its levels.

You collected 82 gold pieces.

Inventory:

Hand Weapons
 a - a +0 falchion (weapon)
 l - a +0 sling
Missiles
 h - a throwing net
Armour
 b - a +0 leather armour (worn)
 c - a +0 plate armour
Wands
 i - a wand of charming (4)
Scrolls
 e - a scroll of enchant armour {unknown}
 f - a scroll of identify {unknown}
 k - a scroll of silence {unknown}
Potions
 d - a potion of flight {unknown}
 g - 2 potions of might {unknown}
 j - a potion of degeneration {unknown}


   Skills:
 - Level 2.0 Fighting
 + Level 4.0 Long Blades
 + Level 3.1 Dodging
 - Level 2.0 Spellcasting
 + Level 4.8 Conjurations


You had 3 spell levels left.
You knew the following spells:

 Your Spells              Type           Power      Damage    Failure   Level
a - Kiss of Death         Conj/Necr      28%        2d7       12%         1
b - Momentum Strike       Conj/Tloc      14%        3d8       19%         2

Your spell library contained the following spells:

 Spells                   Type           Power      Damage    Failure   Level
 Hailstorm                Conj/Ice       7%         3d4       36%         3
 Vhi's Electric Charge    Tloc/Air       2%         N/A       67%         3
 Arcjolt                  Conj/Air       3%         1d13      98%         5
 Plasma Beam              Fire/Air       0%         2x1d11    100%        6


Dungeon Overview and Level Annotations

Branches:
Dungeon (2/15)

Altars:
Okawaru

Shops:
D:2 (


Innate Abilities, Weirdness & Mutations

You have a beak for a mouth.
You have claws for feet.


Message History

The jackal bites you.
You hit the jackal.
You kill the jackal!
Okawaru accepts your kill.
No target in view!
Found a stone staircase leading down.
No target in view!
A hobgoblin comes into view.
The hobgoblin shouts!
A hobgoblin is nearby!
The hobgoblin hits you.
You barely miss the hobgoblin. You claw the hobgoblin.
You kill the hobgoblin!
Okawaru accepts your kill.
No target in view!
g - 2 fizzy white potions (gained 1)
Found a helmet.
No target in view!
Found a stone staircase leading down.
k - a scroll labelled ASYCEG YSUD You see here a +0 helmet.
Found a sling. 2 gnolls come into view.
The gnoll moves out of view. x2 2 gnolls come into view.
Found a dagger.
The gnoll shouts! x2
You see here a +0 sling.
l - a +0 sling The gnoll hits you from afar with a +0 spear.
You start resting.
A gnoll is nearby!
The gnoll hits you with a +0 spear.
You closely miss the gnoll. Your kick misses the gnoll.
The gnoll hits you with a +0 spear.
The gnoll hits you from afar with a +0 spear.
* * * LOW HITPOINT WARNING * * *
The gnoll closely misses you. The gnoll attacks as you move away!
The gnoll hits you with a +0 flail!
You die...

#....# <..##....# #....#
...#.....##
####....##..#.......#####
#........ ...............
........# #.).......#####
.......g# #.#......# #
......#g# #........# #
..gg. #g####........# #
.... #g@..#........# #
... ####..........#####
#. ##.###...#..#... #
#...#.#......##
###...#.#..####
###...#..##..
#.###..###.##.#
.........##.##.#
.........##.†..#


You could see 4 gnolls.

Vanquished Creatures
  2 dart slugs
  3 endoplasms (D:1)
  A giant cockroach (D:1)
  3 goblins (D:1)
  3 hobgoblins
  4 jackals (D:2)
  5 quokkas
  3 ball pythons (D:1)
  10 bats
  3 frilled lizards
  2 kobolds (D:1)
  5 rats
44 creatures vanquished.

Notes
Turn   | Place    | Note
-------+----------+-------------------------------------------
     0 | D:1      | pablito the Tengu Reaver began the quest for the Orb.
     0 | D:1      | Reached XP level 1. HP: 12/12 MP: 4/4
   119 | D:1      | Reached XP level 2. HP: 17/17 MP: 6/6
   482 | D:1      | Reached XP level 3. HP: 20/21 MP: 7/7
   782 | D:1      | Learned a level 2 spell: Momentum Strike
  1273 | D:2      | Found a faded altar of an unknown god.
  1317 | D:2      | Found Exzo Tuh's Weapon Shop.
  1394 | D:2      | Found an iron altar of Okawaru.
  1412 | D:2      | Became a worshipper of Warmaster Okawaru
  1624 | D:2      | Slain by a gnoll

Illustrated notes

Levels and vault maps discovered:
D:1:      dpeg_arrival_arbitrary_a, layout_basic
D:2:      layout_rooms, chequers_ecumenical_altar_simple, basic_altar,
          serial_shops, nicolae_shop_crystal

Skill      XL: |  1  2  3 |
---------------+----------+-----
Dodging        | 3 |  3.1
Long Blades    | 4 |  4.0
Fighting       | |  2.0
Spellcasting   | |  2.0
Conjurations   | |  4.8

Action                     || total
---------------------------++-------
  Melee: Falchion          ||    89
         Peck              ||    11
         Kick              ||    12
         Punch             ||     1
    Use: Scroll            ||     1
         Potion            ||     1
   Stab: Sleeping          ||     1
 Armour: Leather armour    ||    24
  Dodge: Dodged            ||    64
